 Dungeon Crawl Stone Soup version 0.30-a0-883-g5ad918d77d (webtiles) character file.

Game seed: 12242677452803289633

1845 holysushi the Skirmisher (level 9, -1/56 HPs)
             Began as an Octopode Monk on Mar 17, 2023.
             Was an Initiate of Gozag.
             Shot with a bolt by an orc warrior (15 damage)
             ... on level 7 of the Dungeon.
             The game lasted 00:09:27 (6105 turns).

holysushi the Skirmisher (Octopode Monk)            Turns: 6105, Time: 00:09:27

Health: -1/56      AC:  1    Str: 16    XL:     9   Next: 12%
Magic:  9/9        EV: 16    Int: 12    God:    Gozag
Gold:   658        SH:  0    Dex: 23    Spells: 8/8 levels left

rFire   x . .      SeeInvis +    j - +8 arbalest "Rozygie" {elec, rF- rC+ Dex+4}
rCold   + . .      Faith    .    (shield currently unavailable)
rNeg    + . .      Spirit   .    (helmet restricted)
rPois   .          Reflect  .    e - amulet of the acrobat
rElec   .          Rampage  .    m - +6 ring of strength
rCorr   .                        q - ring of see invisible
Will    .....                    A - ring of positive energy
Stlth   ++++                     (no ring)
HPRegen 0.29/turn                (no ring)
MPRegen 0.11/turn                (no ring)
                                 (no ring)
                                 (no ring)

@: invisible
A: almost no armour, amphibious, 8 rings, camouflage 1, gelatinous body 1,
(nimble swimmer 1), tentacles
a: Renounce Religion, Potion Petition, Call Merchant, Bribe Branch


You were on level 7 of the Dungeon.
You worshipped Gozag.
Gozag was pleased with you.
You visited 2 branches of the dungeon, and saw 8 of its levels.
You also visited: Sewer.

You collected 714 gold pieces.
You spent 56 gold pieces at shops.

Inventory:

Hand Weapons
 a - a +1 short sword
 c - a +0 rapier of venom
 j - the +8 arbalest "Rozygie" (weapon) {elec, rF- rC+ Dex+4}
   (You found it on level 4 of the Dungeon)

   Dex:       It affects your dexterity (+4).
   rF:        It makes you vulnerable to fire.
   rC:        It protects you from cold.
Armour
 i - a +1 buckler
Jewellery
 e - an amulet of the acrobat (around mantle)
 m - a +6 ring of strength (left tentacle)
 q - a ring of see invisible (right tentacle)
 A - a ring of positive energy (on tentacle)
Wands
 y - a wand of iceblast (5)
Scrolls
 k - 3 scrolls of teleportation
 s - a scroll of fog
 t - a scroll of fear
 v - a scroll of magic mapping {unknown}
 w - a scroll of vulnerability {unknown}
 x - a scroll of acquirement {unknown}
Potions
 b - a potion of magic
 d - 3 potions of brilliance
 f - a potion of might {unknown}
 g - a potion of flight
 h - a potion of ambrosia
 l - a potion of cancellation
 n - a potion of heal wounds {unknown}
 o - a potion of berserk rage
 p - 3 potions of curing
 r - a potion of invisibility
 z - a potion of mutation {unknown}


   Skills:
 - Level 3.0 Fighting
 - Level 6.2 Short Blades
 + Level 9.2 Ranged Weapons
 - Level 4.5 Dodging
 - Level 3.1 Stealth
 - Level 1.3 Shields


You had 8 spell levels left.
You didn't know any spells.
Your spell library contained the following spells:

 Spells                   Type           Power      Damage    Failure   Level
 Static Discharge         Conj/Air       0%         2-2/arc   45%         2
 Vhi's Electric Charge    Tloc/Air       0%         N/A       69%         3
 Arcjolt                  Conj/Air       0%         1d10      100%        5
 Lightning Bolt           Conj/Air       0%         1d11      100%        5


Dungeon Overview and Level Annotations

Branches:
Dungeon (7/15) Zot: 26864  Temple (1/1) D:5 Zot: 5969   Sewer (visited)

Altars:
Ashenzari
Cheibriados
Dithmenos
Elyvilon
Gozag
Hepliaklqana
Kikubaaqudgha
Makhleb
Nemelex Xobeh
Okawaru
Qazlal
Sif Muna
Trog
Uskayaw
Vehumet
Wu Jian
Xom
Yredelemnul
Zin
The Shining One

Shops:
D:5 *:((

Annotations:
D:4 4 runed translucent doors, exclusion: door
Temple 2 transporters


Innate Abilities, Weirdness & Mutations

You cannot wear most types of armour.
You are amphibious.
You can wear up to eight rings at the same time.
Your skin changes colour to match your surroundings (Stealth+).
Your rubbery body absorbs attacks. (AC +1, EV +1)
((You are camouflaged when in or above water. (Stealth+)))
You have tentacles for arms and can constrict up to eight enemies at once.


Message History

The killer bee completely misses you. x2
Found a large agate ring.
The killer bee misses you.
You shoot a bolt. The bolt closely misses the killer bee.
The killer bee completely misses you. The killer bee barely misses you.
The killer bee stings you!
You shoot a bolt. The bolt hits the killer bee!
Lightning courses through the killer bee!
You kill the killer bee!
A - a ring of positive energy
A - a ring of positive energy (on tentacle)
You are too injured to fight recklessly!
You are too injured to fight recklessly!
Fire: j) +8 arbalest "Rozygie" {elec, rF- rC+ Dex+4}
Press: ? - help, Q - select action, (/) - cycle Shift-Dir - straight line, f - orc warrior
Aim: an orc warrior, wielding a +0 arbalest and wearing a +0 chain mail (69% to hit)
You shoot a bolt. The bolt barely misses the orc warrior.
The orc warrior shoots a bolt.
The bolt hits you!
* * * LOW HITPOINT WARNING * * *
The orc warrior shoots a bolt.
The bolt barely misses you.
Fire: j) +8 arbalest "Rozygie" {elec, rF- rC+ Dex+4}
Press: ? - help, Q - select action, (/) - cycle Shift-Dir - straight line, f/p - orc warrior
Aim: an orc warrior, wielding a +0 arbalest and wearing a +0 chain mail (69% to hit)
You shoot a bolt.
The bolt closely misses the orc warrior.
The orc warrior shoots a bolt.
The bolt closely misses you.
Fire: j) +8 arbalest "Rozygie" {elec, rF- rC+ Dex+4}
Press: ? - help, Q - select action, (/) - cycle Shift-Dir - straight line, f/p - orc warrior
Aim: an orc warrior, wielding a +0 arbalest and wearing a +0 chain mail (69% to hit)
You shoot a bolt. The bolt barely misses the orc warrior.
The orc warrior shoots a bolt.
The bolt completely misses you.
The orc warrior shoots a bolt.
The bolt barely misses you.
Okay, then.
Found 11 gold pieces.
Okay, then.
As you read the scroll of identify, it crumbles to dust.
r - 2 potions of invisibility You fade into invisibility!
The orc warrior shoots a bolt.
The bolt hits you!
You die...
Your body crumbles into a pile of gold.

. #......#...##.# # ....
###.........#.# #
....#############...####
.......#....#..o........
.......#.##.#.#####.#..#
.......#.o#.o.# #.#...
.$.....##.##### #...##
.......##o# ### ######
#...@..###.# #
#...####...# #
###.#....#.##########
#.#.#............##
#.#.#.....######.##
########.#.#...#.#####....
#<...........#.#.......###
########...#.#.#######.#
###.....#.......#


You could see an orc warrior (unable to see you).

Vanquished Creatures
  Sigmund (D:5)
  2 water moccasins (D:4)
  An ice beast (D:7)
  4 ogres
  A kobold brigand (Sewer)
  3 scorpions
  3 wights (D:6)
  3 killer bees (D:7)
  A gnoll bouda (D:3)
  2 jellies (D:6)
  A hound (D:6)
  2 iguanas
  A sleepcap (D:6)
  Robin (D:3)
  7 gnolls
  6 river rats
  6 adders
  A shadow imp (D:4)
  3 worms
  3 dart slugs
  6 orcs
  A bat (D:3)
  8 endoplasms
  2 giant cockroaches
  11 hobgoblins
  8 jackals
  3 quokkas
  8 ball pythons
  8 frilled lizards
  20 goblins
  10 kobolds
  13 rats
150 creatures vanquished.

Vanquished Creatures (others)
  A frilled lizard (D:1)
  4 fungi (D:2)
  3 plants
8 creatures vanquished.

Grand Total: 158 creatures vanquished

Notes
Turn   | Place    | Note
-------+----------+-------------------------------------------
     0 | D:1      | holysushi the Octopode Monk began the quest for the Orb.
     0 | D:1      | Reached XP level 1. HP: 16/16 MP: 1/1
   111 | D:1      | Reached XP level 2. HP: 6/21 MP: 2/2
   619 | D:2      | Reached XP level 3. HP: 26/26 MP: 3/3
   731 | D:2      | Found a white marble altar of Elyvilon.
   927 | D:2      | Found a faded altar of an unknown god.
   984 | D:2      | Reached XP level 4. HP: 24/31 MP: 4/4
  1096 | D:2      | Reached skill level 5 in Short Blades
  1532 | D:3      | Noticed Robin
  1654 | D:2      | Reached XP level 5. HP: 29/36 MP: 5/5
  1703 | D:3      | Killed Robin
  2947 | D:4      | Found a large runed translucent door.
  2947 | D:4      | Found a large runed translucent door.
  3284 | D:4      | Noticed an ogre
  3292 | D:4      | Killed an ogre
  3293 | D:4      | Reached XP level 6. HP: 42/42 MP: 6/6
  3471 | D:4      | Found a large runed translucent door.
  3471 | D:4      | Found a large runed translucent door.
  3490 | D:4      | Reached skill level 1 in Shields
  3664 | D:4      | Noticed a steam dragon
  3669 | D:4      | Identified the +8 arbalest "Rozygie" {elec, rF- rC+ Dex+4}
  3740 | D:4      | Reached skill level 2 in Ranged Weapons
  3740 | D:4      | Reached XP level 7. HP: 46/46 MP: 7/7
  3982 | D:5      | Entered Level 5 of the Dungeon
  3988 | D:4      | Reached skill level 3 in Ranged Weapons
  3991 | D:4      | Reached skill level 4 in Ranged Weapons
  4161 | D:5      | Found a staircase to the Ecumenical Temple.
  4170 | Temple   | Entered the Ecumenical Temple
  4170 | Temple   | Found a transporter.
  4170 | Temple   | Found a transporter.
  4172 | Temple   | Found a transporter.
  4172 | Temple   | Found a transporter.
  4183 | Temple   | Became a worshipper of Gozag Ym Sagoz the Greedy
  4224 | D:5      | Noticed Sigmund
  4229 | D:5      | Killed Sigmund
  4230 | D:5      | Reached skill level 5 in Ranged Weapons
  4230 | D:5      | Reached XP level 8. HP: 46/52 MP: 8/8
  4290 | D:5      | Found a glowing drain.
  4303 | Sewer    | Entered a sewer
  4488 | Sewer    | Reached skill level 6 in Ranged Weapons
  4984 | D:5      | Found Teweud's Antique Weapon Shoppe.
  5085 | D:5      | Reached skill level 7 in Ranged Weapons
  5175 | D:5      | Found Inuvar's Weapon Boutique.
  5338 | D:5      | Found Hynusol's General Store.
  5345 | D:5      | Bought a scroll of fear for 56 gold pieces
  5388 | D:5      | Found Onwab's Book Shop.
  5606 | D:6      | Found a glowing silver altar of Zin.
  5609 | D:6      | Found a snail-covered altar of Cheibriados.
  5609 | D:6      | Found a bloodstained altar of Trog.
  5627 | D:6      | Found a shadowy altar of Dithmenos.
  5631 | D:6      | Found a shimmering blue altar of Sif Muna.
  5740 | D:6      | Reached skill level 8 in Ranged Weapons
  6018 | D:7      | Reached XP level 9. HP: 56/56 MP: 9/9
  6066 | D:7      | Reached skill level 9 in Ranged Weapons
  6105 | D:7      | Shot with a bolt by an orc warrior

Illustrated notes

Levels and vault maps discovered:
D:1:      matt_arrival_diagonals, layout_basic
D:2:      layout_rooms, dreamdust_ecumenical_altar_hidden_monk_grotto,
          basic_altar, chequers_serial_rivers_micro_b, st_stairs_5,
          minmay_tetromino_t4
D:3:      layout_basic, dk_noncrumbling_4, grunt_ministairs_5,
          chequers_serial_rivers_micro_c, nicolae_eternal_life, uniq_robin
D:4:      layout_cave_pods, minmay_hollow_rounded_squares
D:5:      layout_rooms, minmay_temple_entry_tees, gup_sewer_entry_bubbles,
          serial_shops, kennysheep_mini, nicolae_shop_statue_plus, shop_statue,
          nicolae_square_shop, uniq_sigmund
D:6:      layout_basic, minmay_overflow_temple_star_hex
D:7:      layout_basic
Temple:   hellmonk_temple_divided_pantheon

Skill      XL: |  1  2  3  4  5  6  7  8  9 |
---------------+----------------------------+-----
Short Blades   | 4 5 6 |  6.2
Dodging        | 4 |  4.5
Shields        | 1 |  1.3
Stealth        | 3 |  3.1
Ranged Weapons | 2 5 8 9 |  9.2
Fighting       | |  3.0

Action                     |  1- 3 |  4- 6 |  7- 9 || total
---------------------------+-------+-------+-------++-------
  Melee: Short sword       |    74 |    97 |       ||   171
         Constrict         |    19 |    29 |       ||    48
         Tentacles         |    15 |    19 |       ||    34
         Punch             |       |     2 |       ||     2
   Fire: Arbalest          |       |     2 |   106 ||   108
    Use: Potion            |       |     1 |     1 ||     2
         Scroll            |       |    11 |     3 ||    14
   Stab: Sleeping          |     4 |    15 |       ||    19
         Distracted        |       |     2 |       ||     2
 Armour: Skin              |     1 |     6 |     3 ||    10
  Dodge: Dodged            |    73 |   102 |    81 ||   256
  Block: Buckler           |    10 |    23 |       ||    33

Table legend: (Time is in decaauts)
 A = Elapsed time spent in this place.
 B = Non-inter-level travel time spent in this place.
 C = Inter-level travel time spent in this place.
 D = Time resting spent in this place.
 E = Time spent auto-exploring this place.
 F = Levels seen in this place.
 G = Mean time per level.
                   A        B        C        D        E       F      G
               +--------+--------+--------+--------+--------+-----+--------+
         Total |   6138 |   5934 |    204 |    960 |   3693 |   9 |  682.0 |
       Dungeon |   5453 |   5249 |    204 |    847 |   3246 |   7 |  779.0 |
        Temple |     30 |     30 |      0 |      0 |      0 |   1 |   30.0 |
         Sewer |    654 |    654 |      0 |    113 |    447 |   1 |  654.0 |
               +--------+--------+--------+--------+--------+-----+--------+

Top non-repeatable levels by time:
     D:3: 1328 daAuts
     D:2: 1072 daAuts
     D:4: 1025 daAuts
     D:1: 690 daAuts
   Sewer: 654 daAuts
     D:5: 640 daAuts
     D:6: 563 daAuts
     D:7: 134 daAuts
  Temple: 30 daAuts
